 Dungeon Crawl Stone Soup version 0.31-a0-188-g5e087ee2ca (webtiles) character file.

Game seed: 8024577170471681454

35 qw the Shooter (level 3, -2/20 HPs)
             Began as a Deep Elf Hunter on June 23, 2023.
             Slain by Natasha (5 damage)
             ... on level 1 of the Dungeon.
             The game lasted 00:00:19 (572 turns).

qw the Shooter (Deep Elf Hunter)                     Turns: 572, Time: 00:00:20

Health: -2/20      AC:  3    Str: 10    XL:     3   Next: 16%
Magic:  5/5        EV: 12    Int: 13    God:
Gold:   49         SH:  0    Dex: 18    Spells: 2/2 levels left

rFire   . . .        Y - +0 shortbow
rCold   . . .        (shield currently unavailable)
rNeg    . . .        c - +0 leather armour
rPois   .            (no helmet)
rElec   .            (no cloak)
rCorr   .            (no gloves)
SInv    .            (no boots)
Will    .....        (no amulet)
Stlth   ++           (no ring)
HPRegen 0.23/turn    (no ring)
MPRegen 0.09/turn

%: no passive effects
@: no status effects
A: no striking features
a: no special abilities


You were on level 1 of the Dungeon.
You visited 1 branch of the dungeon, and saw 2 of its levels.

You collected 49 gold pieces.


   Skills:
 - Level 1.5 Fighting
 + Level 6.7 Ranged Weapons
 - Level 2.4 Dodging
 - Level 1.2 Stealth


You had 2 spell levels left.
You didn't know any spells.
Your spell library was empty.

Inventory:

Hand Weapons
 Y - a +0 shortbow (weapon)
Armour
 c - a +0 leather armour (worn)
Potions
 d - a potion of heal wounds {unknown}

Dungeon Overview and Level Annotations

Branches:
Dungeon (2/15)

Altars:

Annotations:
D:1 Natasha


Message History

The arrow hits the endoplasm but does no damage.
The endoplasm is heavily wounded.
The endoplasm hits you.
You shoot an arrow. The arrow hits the endoplasm.
You kill the endoplasm!
You start resting.
HP restored.
Done exploring.
(D) Dungeon
Where to? (* - list waypoints, Enter - D:2, ? - help)
What level of the Dungeon? (default 1, ? - help)
You climb downwards.
Level annotation: Natasha Natasha misses you.
There is a stone staircase leading up here.
Natasha is nearby!
You shoot an arrow. The arrow closely misses Natasha.
Natasha mumbles some strange words.
You shoot an arrow.
The arrow closely misses the cerulean imp.
Natasha barely misses you.
The cerulean imp hits you with a +2 spear.
567 ||| STAIRDANCE Natasha claws you!
The cerulean imp hits you with a +2 spear.
You climb upwards.
The cerulean imp disappears in a puff of smoke!
There is a stone staircase leading down here.
You shoot an arrow. The arrow hits Natasha!
Natasha is heavily wounded.
Natasha casts a spell at you. The magic dart hits you.
You shoot an arrow. The arrow barely misses Natasha.
Natasha misses you.
You shoot an arrow. The arrow barely misses Natasha.
Natasha barely misses you. x2
You shoot an arrow. The arrow hits Natasha.
Natasha is almost dead.
Natasha claws you.
You die...

###............#
####..............#
#....##...........#
..#####...........#
#.................#
######............####
#....#####.......#
#####..#.......h.....#
................@....#
###..)########.......#
##...# #.......#
##...## ####.####
......# #.# ......#
###.### ......#
#.....# ...)).#
#.....# ......#
#>....#


You could see Natasha.

Vanquished Creatures
  A dart slug (D:1)
  2 ball pythons (D:1)
  4 endoplasms (D:1)
  A giant cockroach (D:1)
  6 goblins (D:1)
  2 hobgoblins (D:1)
  2 jackals (D:1)
  A quokka (D:1)
  2 frilled lizards (D:1)
  4 kobolds (D:1)
  3 rats (D:1)
28 creatures vanquished.

Notes
Turn   | Place    | Note
-------+----------+-------------------------------------------
     0 | D:1      | qw the Deep Elf Hunter began the quest for the Orb.
     0 | D:1      | Reached XP level 1. HP: 12/12 MP: 3/3
     0 | D:1      | 0 ||| qw: Version: 0.3-a-9-g12657ce
     0 | D:1      | 0 ||| qw: Game counter: 4222
     0 | D:1      | 0 ||| qw: Always use a shield: true
     0 | D:1      | 0 ||| qw: God list: Okawaru
     0 | D:1      | 0 ||| qw: Allow faded altars: false
     0 | D:1      | 0 ||| qw: Do Orc after D:15 true
     0 | D:1      | 0 ||| qw: Do second Lair branch before Depths: true
     0 | D:1      | 0 ||| qw: Lair rune preference: random
     0 | D:1      | 0 ||| qw: Plans: Normal
     0 | D:1      | 0 ||| PLANNING D:1-11
    92 | D:1      | Reached skill level 6 in Ranged Weapons
    92 | D:1      | Reached XP level 2. HP: 16/16 MP: 4/4
   307 | D:1      | Found a faded altar of an unknown god.
   400 | D:1      | Reached XP level 3. HP: 20/20 MP: 5/5
   504 | D:1      | 504 ||| DROPPING ring of flight.
   505 | D:1      | 505 ||| READING scroll labelled CAUTHR LIABB.
   506 | D:1      | 506 ||| DROPPING scroll of butterflies.
   544 | D:2      | Noticed Natasha
   546 | D:2      | 546 ||| STAIRDANCE
   567 | D:2      | 567 ||| STAIRDANCE
   569 | D:1      | HP: 3/20 [Natasha/magic dart (4)]
   572 | D:1      | Slain by Natasha

Levels and vault maps discovered:
D:1:      lightli_arrival_flooded_house, layout_rooms,
          ebering_ecumenical_altar_mist, bh_walls_and_bars
D:2:      layout_rooms, basic_altar, minmay_joined_circles, uniq_natasha,
          uniq_crazy_yiuf_cottage, uniq_sigmund

Skill      XL: |  1 |
---------------+----+-----
Ranged Weapons | 6 |  6.7
Fighting       | |  1.5
Dodging        | |  2.4
Stealth        | |  1.2

Action                     || total
---------------------------++-------
   Fire: Shortbow          ||    85
    Use: Scroll            ||     1
 Armour: Leather armour    ||     5
  Dodge: Dodged            ||    18

Table legend:
 A = Non-vault XP
 B = Vault XP
 C = Vault XP percentage of total XP
 D = Non-vault monster count
 E = Vault monster count
 F = Vault count percentage of total count
                 A         B        C        D         E       F
            +---------+---------+-------+---------+---------+-------
      Total |      50 |       0 |   0.0 |      28 |       0 |   0.0
            +---------+---------+-------+---------+---------+-------
        D:1 |      50 |       0 |   0.0 |      28 |       0 |   0.0
            +---------+---------+-------+---------+---------+-------
